 Dungeon Crawl Stone Soup version 0.17.0-28-g6e173f8 (webtiles) character file.

15 kosy22 the Stinger (level 2, 0/11 HPs)
             Began as a Felid Venom Mage on Nov 22, 2015.
             Slain by an adder (3 damage)
             ... on level 1 of the Dungeon.
             The game lasted 00:08:32 (1401 turns).

kosy22 the Stinger (Felid Venom Mage)               Turns: 1401, Time: 00:08:32

Health: 0/11       AC:  1    Str:  4    XL:     2   Next: 34%
Magic:  6/6        EV: 18    Int: 16    God:
Gold:   19         SH:  0    Dex: 16    Spells: 2 memorised, 2 levels left
                                        Lives:  0   Deaths: 0

rFire  . . .     SeeInvis +     (weapon unavailable)
rCold  . . .     Clarity  .     (armour unavailable)
rNeg   . . .     SustAt   .     (shield unavailable)
rPois  .         Gourm    .     (helmet unavailable)
rElec  .         Spirit   .     (cloak unavailable)
rCorr  .         Warding  .     (gloves unavailable)
rMut   .         Stasis   .     (boots unavailable)
MR     .....                    (no amulet)
Stlth  +++.......               (no ring)
                                (no ring)

@: quick, not resistant to hostile enchantments, fairly stealthy
A: no armour, no weapons or thrown items, claws 1, fangs 3, see invisible,
carnivore 3, speed 1, shaggy fur 1, slow metabolism 1, sharp paws
a: no special abilities


You were on level 1 of the Dungeon.
You were very full.

You visited 1 branch of the dungeon, and saw 2 of its levels.

You collected 19 gold pieces.

Inventory:

Scrolls
 c - 2 scrolls of teleportation {unknown}
 g - a scroll of remove curse {unknown}
Books
 a - a Young Poisoner's Handbook

   Spells                             Type                      Level
   a - Sting                          Conjuration/Poison           1
   b - Cure Poison                    Poison                       2
   c - Mephitic Cloud                 Conjuration/Poison/Air       3
   d - Olgreb's Toxic Radiance        Poison                       4
   e - Venom Bolt                     Conjuration/Poison           5
Comestibles
 b - a meat ration


   Skills:
 + Level 2.6 Dodging
 + Level 2.8 Stealth
 + Level 2.2 Spellcasting
 + Level 0.1 Conjurations
 + Level 4.0 Poison Magic


You had 2 spell levels left.
You knew the following spells:

 Your Spells              Type           Power        Failure   Level  Hunger
a - Sting                 Conj/Pois      #...         10%         1    #......
b - Cure Poison           Pois           ##........   8%          2    ###....


Dungeon Overview and Level Annotations

Branches:
Dungeon (2/15)

Altars:


Innate Abilities, Weirdness & Mutations

You cannot wear armour.
You are incapable of wielding weapons or throwing items.
You have sharp claws.
You have razor-sharp teeth.
You have supernaturally acute eyesight.
You are carnivorous and can eat meat at any time.
You cover ground quickly.
You are covered in fur (AC +1).
You have a slow metabolism.
Your sharp claws are effective at attacking unaware monsters.


Message History

The adder closely misses you. The adder bites you.
Drink which item? (? for menu, Esc to quit)
It was a potion of might.
You feel very mighty all of a sudden. The adder bites you.
* * * LOW HITPOINT WARNING * * *
The adder barely misses you. The adder barely misses you.
Drink which item? (? for menu, Esc to quit)
It was a potion of cancellation.
Your magical effects are unravelling.
You feel magically purged.
You feel a little less mighty now. The adder misses you.
The adder completely misses you.
You see here 5 javelins of returning.
The adder barely misses you. The adder misses you. The adder bites you.
You die...

.#.####.# #.# #.....# ...# #.#
#.# #####.# [.#####.# #.# #.#
........# ##.## #.#
#.#.###.#######.#)###### #.#
........##.....###.....# #)#
#.#.##..##.####.#.####.# #.#
........##.# ##S## #.# #.#
#..........# #@### #.# #.#
######.###.# #...# #.# #.# #.#
#.# #.#.# #.# ###.#
#.#########...###.# #...#
#.##.....#........# #.###
##.##.8.8.##...##### ###.####
#####.##...8..#...## #.......
.....##...8.8.############.#.####
######.......(#............#.#


You could see an adder.

Vanquished Creatures
  A goblin (D:1)
  4 hobgoblins (D:1)
  3 kobolds (D:1)
  2 bats (D:1)
  2 giant cockroaches (D:1)
  A giant newt (D:1)
  2 rats (D:1)
15 creatures vanquished.

Notes
Turn   | Place    | Note
--------------------------------------------------------------
     0 | D:1      | kosy22 the Felid Venom Mage began the quest for the Orb.
     0 | D:1      | Reached XP level 1. HP: 7/7 MP: 4/4
   216 | D:1      | Reached XP level 2. HP: 4/11 MP: 0/6
   430 | D:1      | Learned a level 2 spell: Cure Poison
   992 | D:1      | Reached skill level 4 in Poison Magic
  1401 | D:1      | Slain by an adder

Action                   || total
-------------------------++-------
Melee: Unarmed           ||     3
 Cast: Sting             ||    53
       Cure Poison       ||     1
  Use: Potion            ||     2
  Eat: Chunk             ||     8
